 Dungeon Crawl Stone Soup version 0.22-a0-601-gb0ed703 (webtiles) character file.

20916 dududu the Draconian Catastrophe (level 12, 101/101 HPs)
             Began as a Grey Draconian Conjurer on July 5, 2018.
             Was an Elder of Qazlal.
             Got out of the dungeon alive.
             The game lasted 01:47:46 (19863 turns).

dududu the Draconian Catastrophe (DrCj)            Turns: 19863, Time: 01:47:46

Health: 101/101    AC: 21    Str: 13    XL:     12   Next: 49%
Magic:  21/21      EV: 17    Int: 25    God:    Qazlal [****..]
Gold:   189        SH: 10    Dex: 13    Spells: 3/23 levels left

rFire    + . .     SeeInvis .   b - +1 hunting sling (flame)
rCold    . . .     Gourm    .   J - +0 buckler
rNeg     + + +     Faith    .   (armour unavailable)
rPois    +         Spirit   .   (helmet restricted)
rElec    .         Reflect  .   o - +2 cloak
rCorr    .         Harm     .   j - +1 pair of gloves
MR       +....                  R - +2 pair of boots "Orym" {*Slow rN++ Regen+ Str+3}
Stlth    +.........             Y - amulet of Guisoak {rF+ rN+ MR+ Regen+}
HPRegen  1.06/turn              K - ring of poison resistance
MPRegen  0.17/turn              E - +5 ring of intelligence

@: repel missiles
A: walk through water, unfitting armour, unbreathing, cold-blooded, AC +13
a: Upheaval, Elemental Force, Renounce Religion


You escaped.
You worshipped Qazlal.
Qazlal was greatly pleased with you.
You were not hungry.

You visited 3 branches of the dungeon, and saw 14 of its levels.
You also visited: Ice Cave.

You collected 1074 gold pieces.
You spent 885 gold pieces at shops.

Inventory:

Hand Weapons
 a - a +4 scimitar of flaming
 b - a +1 hunting sling of flaming (weapon)
 s - a +0 short sword
 G - a +1 rapier of flaming
 H - a +1 trident of freezing
 M - a +2 falchion of freezing
 O - a +5 spear of pain
 S - a +1 dagger of draining
Missiles
 k - 307 stones
 x - 15 tomahawks
 C - 92 sling bullets (quivered)
Armour
 i - a +0 shield
 j - a +1 pair of gloves (worn)
 o - a +2 cloak (worn)
 u - a +0 pair of boots
 J - a +0 buckler (worn)
 R - the +2 pair of boots "Orym" (worn) {*Slow rN++ Regen+ Str+3}
   (You acquired it on level 1 of the Lair of Beasts)

   It affects your strength (+3).
   It greatly protects you from negative energy.
   It increases your rate of regeneration.
   It may slow you when you take damage.
Magical Staves
 T - an uncursed staff of cold
Jewellery
 c - a +3 ring of protection
 h - a +4 ring of strength
 v - an uncursed ring of flight
 E - a +5 ring of intelligence (right hand)
 K - a ring of poison resistance (left hand)
 W - an uncursed ring of positive energy
 X - an uncursed ring of protection from magic
 Y - the amulet of Guisoak (around neck) {rF+ rN+ MR+ Regen+}
   (You bought it in a shop on level 6 of the Dungeon)

   [amulet of regeneration]

   It protects you from fire.
   It protects you from negative energy.
   It affects your resistance to hostile enchantments.
   It increases your rate of regeneration.
Wands
 p - a wand of polymorph (11)
 D - a wand of flame (14)
 V - a wand of acid (10)
Scrolls
 d - 8 scrolls of teleportation
 e - 8 scrolls of remove curse
 f - 9 scrolls of identify
 l - 2 scrolls of enchant armour
 m - 2 scrolls of fear
 n - 2 scrolls of fog
 q - a scroll of blinking
 r - 2 scrolls of magic mapping
 A - 2 scrolls of amnesia
 B - 2 scrolls of brand weapon
 N - a scroll of immolation
 P - a scroll of vulnerability
Potions
 g - 8 potions of curing
 t - 2 potions of lignification
 w - a potion of haste
 z - 4 potions of flight
 F - a potion of ambrosia
 I - 2 potions of mutation
 L - 3 potions of might
 Q - a potion of heal wounds
 U - a potion of agility {unknown}
Comestibles
 y - 23 rations


   Skills:
 + Level 8.0 Fighting
 + Level 9.5 Dodging
 - Level 1.7 Stealth
 - Level 4.0 Shields
 - Level 6.0 Spellcasting
 - Level 9.0 Conjurations
 - Level 9.0 Hexes
 + Level 9.5 Invocations


You had 3 spell levels left.
You knew the following spells:

 Your Spells              Type           Power        Failure   Level  Hunger
a - Magic Dart            Conj           ####         1%          1    None
b - Searing Ray           Conj           ######       1%          2    None
c - Dazzling Spray        Conj/Hex       ######       1%          3    None
d - Iskenderun's Mystic   Conj           ######..     1%          4    ###....
e - Fulminant Prism       Conj/Hex       ######....   1%          4    ###....
f - Confuse               Hex            ######..     1%          3    None
g - Tukima's Dance        Hex            ######..     1%          3    None

Your spell library contained the following spells:

 Spells                   Type           Power        Failure   Level  Hunger
 Apportation              Tloc           #.....       8%          1    None
 Summon Small Mammal      Summ           #...         8%          1    None
 Animate Skeleton         Necr           N/A          8%          1    None
 Confusing Touch          Hex            ######       1%          1    None
 Ensorcelled Hibernation  Hex/Ice        ####..       1%          2    None
 Corona                   Hex            ######.      1%          1    None
 Force Lance              Conj/Tloc      ####....     12%         4    ###....


Dungeon Overview and Level Annotations

Branches:
Dungeon (11/15)            Temple (1/1) D:6            Lair (2/6) D:9
    Orc (0/2) D:9
  Swamp: Lair:2-4    Shoals: Lair:2-4     Snake: Lair:2-4    Spider: Lair:2-4

Altars:
Ashenzari
Cheibriados
Dithmenos
Elyvilon
Fedhas
Gozag
Hepliaklqana
Kikubaaqudgha
Makhleb
Nemelex Xobeh
Okawaru
Qazlal
Ru
Sif Muna
Trog
Uskayaw
Vehumet
Wu Jian
Xom
Yredelemnul
Zin
The Shining One

Shops:
D:6 (=(*:

Annotations:
D:2 Natasha
D:10 exclusion: downstairs


Innate Abilities, Weirdness & Mutations

You can walk through water.
Your dull iron-grey scales are very hard. (AC +13)
You cannot fit into any form of body armour.
You can survive without breathing.
You are cold-blooded and may be slowed by cold attacks.


Message History

There is a stone staircase leading up, spattered with blood here.
You climb upwards.
There is a stone staircase leading down, spattered with blood here.
There is a stone staircase leading up here.
You climb upwards.
There is a stone staircase leading down here.
There is a stone staircase leading up here.
You climb upwards.
There is a stone staircase leading down here.
There is a stone staircase leading up here.
You climb upwards.
Level annotation: Natasha
There is a stone staircase leading down here.
There is a stone staircase leading up here.
You climb upwards.
There is a stone staircase leading down here.
There is a staircase leading out of the dungeon here.
You eat one of the 24 rations.
That ration really hit the spot!
Are you sure you want to leave the Dungeon?
This will make you lose the game!
You have escaped!

##### #.# #.# #.###
#########.#.##
###..........#.#
....#######.#.###########
##### #....##........#
#################.#
###.##..##.#@#### #.#
#####..###.#...ยง##..# #.#
.................##.# #.#
.#.##...........###.# #.#
.#.##.###.....#..##.###.#
.#.##.# #.#####.>#......#
...##.#############.#####
...##.##.......####.#.#####
#..##.#...................#


There were no monsters in sight!

Vanquished Creatures
  Erica (Lair:1)
  2 two-headed ogres
  An ice statue (IceCv)
  3 elephants (Lair:2)
  A black mamba (D:9)
  3 spiny frogs (Lair:2)
  A gargoyle (D:11)
  2 ice devils (Lair:2)
  A troll (D:9)
  13 polar bears (IceCv)
  A hornet (D:8)
  5 hippogriffs
  A spriggan (D:11)
  A shadow (D:11)
  22 yaks
  A wyvern (D:10)
  2 wraiths
  A basilisk (Lair:2)
  2 water moccasins
  2 hell hounds (D:9)
  An acid dragon (D:11)
  5 porcupines
  2 sky beasts
  6 orc warriors
  A swamp drake (D:3)
  6 necrophages (Lair:2)
  3 ice beasts
  9 ogres
  2 phantoms
  17 wolves
  4 centaurs
  5 crocodiles
  3 big kobolds
  8 bullfrogs
  2 gnoll sergeants (D:9)
  A wyvern skeleton (D:10)
  3 scorpions
  3 killer bees (D:8)
  5 howler monkeys
  2 centaur zombies
  2 bullfrog zombies (D:5)
  5 crimson imps
  3 hounds
  A bullfrog skeleton (D:7)
  4 orc priests
  3 jellies
  8 orc wizards
  7 worker ants
  A killer bee zombie (D:10)
  A hound skeleton (D:8)
  2 worker ant zombies
  4 gnolls (D:9)
  A howler monkey skeleton (D:10)
  13 adders
  3 shadow imps
  4 oozes
  2 adder skeletons
  An adder zombie (D:4)
  A worm (D:2)
  3 leopard geckos
  51 orcs
  5 giant cockroaches
  4 goblins
  5 hobgoblins
  11 jackals
  5 quokkas
  A ball python (D:6)
  5 bats
  5 frilled lizards
  7 kobolds
  A leopard gecko skeleton (D:6)
  11 rats
  A fungus (Lair:2)
335 creatures vanquished.

Vanquished Creatures (others)
  A death yak (IceCv)
  3 polar bears (IceCv)
  7 yaks (IceCv)
  10 wolves (IceCv)
  182 fulminant prisms
  A fungus (Lair:2)
204 creatures vanquished.

Grand Total: 539 creatures vanquished

Notes
Turn   | Place    | Note
-------+----------+-------------------------------------------
     0 | D:1      | dududu the Draconian Conjurer began the quest for the Orb.
     0 | D:1      | Reached XP level 1. HP: 14/14 MP: 3/3
   448 | D:1      | Reached XP level 2. HP: 20/20 MP: 3/5
   473 | D:1      | Learned a level 2 spell: Searing Ray
  1519 | D:2      | Reached XP level 3. HP: 26/26 MP: 3/6
  1889 | D:2      | Noticed Natasha
  2513 | D:3      | Reached XP level 4. HP: 33/33 MP: 8/8
  2525 | D:3      | Learned a level 3 spell: Dazzling Spray
  2979 | D:3      | Reached skill level 1 in Hexes
  3604 | D:3      | Noticed a swamp drake
  3604 | D:3      | an orc priest changed into a swamp drake
  3621 | D:3      | HP: 1/33 [swamp drake (11)]
  3630 | D:3      | HP: 1/33 [swamp drake (12)]
  3642 | D:3      | Killed a swamp drake
  3642 | D:3      | Reached skill level 5 in Conjurations
  3642 | D:3      | Reached XP level 5. HP: 18/38 MP: 0/9
  4848 | D:4      | Reached XP level 6. HP: 45/45 MP: 3/11
  5210 | D:4      | Learned a level 4 spell: Iskenderun's Mystic Blast
  5358 | D:5      | Entered Level 5 of the Dungeon
  5904 | D:5      | Your scales start taking on a dull iron-grey colour.
  5904 | D:5      | Reached XP level 7. HP: 45/50 MP: 5/12
  5904 | D:5      | Gained mutation: You can survive without breathing. [Grey Draconian growth]
  6145 | D:5      | Found a shattered altar of Ashenzari.
  6502 | D:5      | Learned a level 4 spell: Fulminant Prism
  7043 | D:6      | Found Kutt's Book Emporium.
  7324 | D:5      | Reached XP level 8. HP: 28/57 MP: 0/14
  7808 | D:5      | Reached skill level 5 in Hexes
  8471 | D:6      | Found Xegg's Weapon Emporium.
  8523 | D:6      | Found a shattered altar of Ashenzari.
  8610 | D:6      | Found Zidat's General Store.
  8614 | D:6      | Found Raicooggyk's Weapon Emporium.
  8617 | D:6      | Found Cuufrei's Jewellery Shoppe.
  8625 | D:6      | Bought an uncursed ring of poison resistance for 240 gold pieces
  8949 | D:7      | Reached skill level 5 in Spellcasting
  9086 | D:7      | Reached skill level 5 in Dodging
  9086 | D:7      | Reached skill level 1 in Shields
  9311 | D:7      | Reached XP level 9. HP: 62/62 MP: 9/16
  9526 | D:6      | Found a staircase to the Ecumenical Temple.
  9530 | Temple   | Entered the Ecumenical Temple
  9662 | Temple   | Became a worshipper of Qazlal Stormbringer
 11074 | D:9      | Reached * piety under Qazlal
 11165 | D:9      | Found a sacrificial altar of Ru.
 11369 | D:9      | Noticed a two-headed ogre
 11545 | D:8      | Killed a two-headed ogre
 11752 | D:9      | Found an opulent altar of Gozag.
 11759 | D:9      | Reached XP level 10. HP: 69/69 MP: 14/19
 11869 | D:9      | Reached skill level 1 in Invocations
 12000 | D:9      | Found a staircase to the Lair.
 12497 | D:9      | Learned a level 3 spell: Confuse
 12501 | D:9      | Learned a level 3 spell: Tukima's Dance
 12769 | D:9      | Found a staircase to the Orcish Mines.
 12869 | D:10     | Entered Level 10 of the Dungeon
 13013 | D:10     | Reached ** piety under Qazlal
 13016 | D:10     | Reached skill level 1 in Fighting
 13520 | D:10     | Reached skill level 5 in Invocations
 14349 | D:11     | Noticed a two-headed ogre
 14357 | D:10     | Reached XP level 11. HP: 77/81 MP: 0/20
 14624 | D:11     | Killed a two-headed ogre
 14627 | D:11     | Reached *** piety under Qazlal
 15342 | Lair:1   | Entered Level 1 of the Lair of Beasts
 16029 | Lair:1   | Identified a scroll of acquirement
 16030 | Lair:1   | Got a pair of smoking boots
 16031 | Lair:1   | Identified the +2 pair of boots "Orym" {*Slow rN++ Regen+ Str+3} (You acquired it on level 1 of the Lair of Beasts)
 16062 | Lair:1   | Noticed Erica
 16070 | Lair:1   | Killed Erica
 16110 | Lair:1   | Reached skill level 5 in Fighting
 16883 | Lair:2   | Found a frozen archway.
 16976 | IceCv    | Entered an ice cave
 17323 | IceCv    | Killed a death yak
 17426 | IceCv    | Reached XP level 12. HP: 97/97 MP: 5/21
 17709 | IceCv    | Reached **** piety under Qazlal
 18399 | IceCv    | Noticed a frost giant
 19726 | D:6      | Bought the amulet of Guisoak {rF+ rN+ MR+ Regen+} for 645 gold pieces
 19727 | D:6      | Upgraded the game from 0.22-a0-596-gfbd32a6 to 0.22-a0-601-gb0ed703
 19863 | D:$      | Got out of the dungeon alive.

Vault maps used:
D:1:      minmay_arrival_jagged
D:2:      uniq_natasha
D:3:      first_ration
D:4:      kennysheep_generic_room_12
D:5:      kennysheep_little_box
D:6:      minmay_temple_entry_from_below_a, serial_shops, shop,
          nicolae_shop_stone, nicolae_shop_trees, shop, kennysheep_mini,
          cheibrodos_ashenzari_chains
D:9:      minmay_lair_entry_lava, kennysheep_orc_monster_closet_entryway,
          basic_altar, nicolae_ru_great_annihilating_truth
D:11:     the_bakery
Temple:   dpeg_three_leaves_temple
Lair:1:   beast_lair_carwin_5, uniq_erica
Lair:2:   portal_ice_cave_demonic_guard, roderic_carrion_pond,
          grunt_megastairs_5
IceCv:    ice_cave_caverns_02

Skill      XL: |  1  2  3  4  5  6  7  8  9 10 11 12 |
---------------+-------------------------------------+-----
Dodging        | 2 3 4 5 6 7 8 9 |  9.5
Spellcasting   | 3 4 5 6 |  6.0
Hexes          | 1 2 3 4 6 7 8 9 |  9.0
Conjurations   | 5 6 7 8 9 |  9.0
Shields        | 2 4 |  4.0
Invocations    | 5 8 9 |  9.5
Fighting       | 2 6 8 |  8.0
Stealth        | |  1.7

Action                   |  1- 3 |  4- 6 |  7- 9 | 10-12 || total
-------------------------+-------+-------+-------+-------++-------
Melee: Short sword       |    28 |    21 |       |       ||    49
       Tailslap          |       |     3 |       |    10 ||    13
       Dagger            |       |    10 |    72 |    27 ||   109
       Spear             |       |       |       |    22 ||    22
       Rapier            |       |       |       |     5 ||     5
       Scimitar          |       |       |       |    31 ||    31
 Fire: Hunting sling     |       |     2 |   173 |   314 ||   489
Throw: Stone             |       |       |       |     1 ||     1
 Cast: Magic Dart        |    86 |   135 |   123 |    36 ||   380
       Searing Ray       |       |     4 |     5 |     4 ||    13
       Iskenderun's Myst |       |       |    20 |     4 ||    24
       Fulminant Prism   |       |       |    36 |   146 ||   182
       Dazzling Spray    |       |       |     4 |     2 ||     6
Invok: Elemental Force   |       |       |       |     1 ||     1
Evoke: Wand              |       |     4 |       |    21 ||    25
  Use: Potion            |       |     8 |     1 |       ||     9
       Scroll            |       |     9 |     8 |     8 ||    25
 Stab: Sleeping          |     2 |     1 |     1 |       ||     4
  Eat: Chunk             |     6 |    10 |    18 |    39 ||    73
       Ration            |       |       |     3 |     1 ||     4
Armor: Skin              |    19 |    40 |    86 |   154 ||   299
Dodge: Dodged            |    29 |    58 |   159 |   302 ||   548
Block: Buckler           |       |       |    19 |   207 ||   226
       Rpst.: Scimitar   |       |       |       |     7 ||     7

Table legend:
 A = Spawn XP
 B = Non-spawn XP
 C = Spawn XP percentage of total XP
 D = Spawn monster count
 E = Non-spawn monster count
 F = Spawn count percentage of total count
 G = Total turns spent on level
                    A         B        C        D         E        F      G
               +---------+---------+-------+---------+---------+-------+---------
         Total |       0 |   29881 |   0.0 |       0 |     335 |   0.0 | 19863
               +---------+---------+-------+---------+---------+-------+---------
           D:1 |       0 |      30 |   0.0 |       0 |      17 |   0.0 |  1500
           D:2 |       0 |      75 |   0.0 |       0 |      21 |   0.0 |  1258
           D:3 |       0 |     204 |   0.0 |       0 |      15 |   0.0 |  1643
           D:4 |       0 |     291 |   0.0 |       0 |      17 |   0.0 |  1738
           D:5 |       0 |    1506 |   0.0 |       0 |      30 |   0.0 |  2103
           D:6 |       0 |     169 |   0.0 |       0 |      19 |   0.0 |   985
           D:7 |       0 |     902 |   0.0 |       0 |      20 |   0.0 |   831
           D:8 |       0 |    1882 |   0.0 |       0 |      22 |   0.0 |  1281
           D:9 |       0 |    3742 |   0.0 |       0 |      46 |   0.0 |  2264
          D:10 |       0 |    2759 |   0.0 |       0 |      31 |   0.0 |  1509
          D:11 |       0 |    2591 |   0.0 |       0 |      19 |   0.0 |   627
        Lair:1 |       0 |    3979 |   0.0 |       0 |      22 |   0.0 |  1037
        Lair:2 |       0 |    5396 |   0.0 |       0 |      24 |   0.0 |  1408
         IceCv |       0 |    6355 |   0.0 |       0 |      32 |   0.0 |  1538
               +---------+---------+-------+---------+---------+-------+---------
